 Dungeon Crawl Stone Soup version 0.30-a0-6-g7c9e10e132 (webtiles) character file.

Game seed: 14264761591443967446

84 purpskrrrp the Cudgeller (level 4, -9/39 HPs)
             Began as a Minotaur Abyssal Knight on Aug 22, 2022.
             Was a Believer of Lugonu.
             Killed from afar by Ijyb (18 damage)
             ... with a bolt of acid
             ... on level 3 of the Dungeon.
             The game lasted 00:03:19 (2629 turns).

purpskrrrp the Cudgeller (Minotaur Abyssal Knight)  Turns: 2629, Time: 00:03:21

Health: -9/39      AC:  4    Str: 19    XL:     4   Next: 23%
Magic:  4/4        EV: 11    Int:  7    God:    Lugonu [**....]
Gold:   99         SH:  0    Dex: 11    Spells: 3/3 levels left

rFire   . . .      SeeInvis .    a - +1 mace
rCold   . . .      Faith    .    (no shield)
rNeg    . . .      Spirit   .    b - +0 leather armour
rPois   .          Reflect  .    (helmet restricted)
rElec   .          Harm     .    (no cloak)
rCorr   .          Rampage  .    e - +0 pair of gloves
Will    .....                    (no boots)
Stlth   +.........               (no amulet)
HPRegen 0.13/turn                (no ring)
MPRegen 0.09/turn                (no ring)

@: no status effects
A: horns 2, retaliatory headbutt
a: Renounce Religion, Depart the Abyss, Bend Space


You were on level 3 of the Dungeon.
You worshipped Lugonu.
Lugonu was pleased with you.
You visited 1 branch of the dungeon, and saw 3 of its levels.
You visited the Abyss 1 time.

You collected 99 gold pieces.

Inventory:

Hand Weapons
 a - a +1 mace (weapon)
Armour
 b - a +0 leather armour (worn)
 e - a +0 pair of gloves (worn)
Jewellery
 i - a ring of fire
Scrolls
 c - a scroll of teleportation {unknown}
 d - 2 scrolls of blinking {unknown}
 f - a scroll of amnesia {unknown}
 g - a scroll of noise {unknown}
 q - a scroll of butterflies {unknown}
Potions
 h - a potion of might {unknown}
 j - a potion of mutation {unknown}
 k - 2 potions of flight {unknown}
 l - a potion of berserk rage {unknown}
 m - 2 potions of degeneration {unknown}
 n - a potion of haste {unknown}
 o - a potion of lignification {unknown}
 p - 2 potions of heal wounds {unknown}


   Skills:
 - Level 3.6 Fighting
 + Level 2.1(3.8) Axes
 + Level 4.9(5.1) Maces & Flails
 - Level 2.4 Armour
 - Level 1.1 Dodging
 - Level 1.7 Invocations


You had 3 spell levels left.
You didn't know any spells.
Your spell library was empty.

Dungeon Overview and Level Annotations

Branches:
Dungeon (3/15)

Altars:
Nemelex Xobeh

Shops:
D:1 *   D:2 (

Annotations:
D:3 Ijyb


Innate Abilities, Weirdness & Mutations

You have a pair of horns on your head.
You reflexively headbutt those who attack you in melee.


Message History

No target in view!
No target in view!
No target in view!
No target in view!
No target in view!
No target in view!
No target in view!
No target in view!
No target in view!
You now have 99 gold pieces (gained 6).
Found a stone staircase leading down.
Found a stone staircase leading up.
An orc, a hound and a rat come into view.
The orc shouts!
The hound barks!
Ijyb the Twisted Goblin comes into view.
She is wielding a +0 dagger and carrying a wand of acid (11).
The orc barely misses you. You furiously retaliate!
You headbutt the orc, but do no damage. The hound bites you but does no damage.
You hit the hound.
The hound is lightly wounded.
The hound closely misses you. The orc hits you with a +0 flail.
You hit the hound.
The hound is moderately wounded.
The hound bites you. x2; The orc hits you with a +0 flail.
You barely miss the hound.
The hound is moderately wounded.
The hound barely misses you. The orc barely misses you.
You furiously retaliate!
You headbutt the orc!
You kill the orc!
Lugonu accepts your kill. The hound bites you.
You closely miss the hound.
The hound is moderately wounded.
The hound misses you. The hound bites you but does no damage.
You closely miss the hound.
The hound is moderately wounded.
Ijyb zaps a wand.
The bolt of acid hits you!
* * * LOW HITPOINT WARNING * * *
The hound bites you but does no damage.
Ijyb zaps a wand.
The bolt of acid hits you!!
You die...

......#.#.#.#.
..............# .#
......#.#.#.#.# # ..#
..............# . ..#
......#.#.#.#.####.#.#
#####.........#....<.
#.#.#.#.#.#..#.#.#.#
#.........#..)g.....
#........##.@#.#.#.
#....###..#..h......
#....####....#.#.#.#
####........>.....
###########.#.# ####


You could see Ijyb and a hound.

Vanquished Creatures
  4 adders
  A worm (D:2)
  An orc (D:3)
  4 bats
  6 endoplasms
  3 giant cockroaches
  4 goblins
  5 hobgoblins (D:1)
  3 kobolds
  2 ball pythons
  3 frilled lizards (D:1)
  4 rats
  A spectral kobold (D:1)
41 creatures vanquished.

Notes
Turn   | Place    | Note
-------+----------+-------------------------------------------
     0 | Abyss:1  | purpskrrrp the Minotaur Abyssal Knight began the quest for
                  | the Orb.
     0 | Abyss:1  | Reached XP level 1. HP: 19/19 MP: 1/1
    42 | Abyss:1  | Found a corrupted altar of Lugonu.
   105 | Abyss:1  | Noticed a small abomination
   110 | D:1      | Escaped the Abyss
   415 | D:1      | Found Asosi's Assorted Antiques.
   496 | D:1      | Reached skill level 3 in Maces & Flails
   610 | D:1      | Found a faded altar of an unknown god.
   690 | D:1      | Reached ** piety under Lugonu
   737 | D:1      | Reached XP level 2. HP: 21/26 MP: 2/2
  1466 | D:2      | Reached skill level 4 in Maces & Flails
  1657 | D:2      | Found Ifodgh's Antique Weapon Boutique.
  1752 | D:2      | Reached XP level 3. HP: 31/31 MP: 3/3
  1769 | D:2      | Reached skill level 1 in Axes
  2398 | D:3      | Found a sparkling altar of Nemelex Xobeh.
  2434 | D:3      | Reached XP level 4. HP: 33/39 MP: 4/4
  2622 | D:3      | Noticed Ijyb
  2629 | D:3      | Killed from afar by Ijyb

Illustrated notes

Levels and vault maps discovered:
D:1:      psy_arrival_statuary, layout_basic,
          dreamdust_ecumenical_altar_drowned_temple, serial_shops,
          nicolae_square_shop, chequers_serial_rivers_micro_b
D:2:      layout_loops_ring, serial_shops, shop_fountains
D:3:      layout_basic, mainiacjoe_overflow_catch_the_wave,
          nicolae_dithmenos_through_a_glass_darkly, brannock_xom_greatest_gift,
          serial_glass, glass_columns_b, glass_columns_a, glass_columns_c,
          glass_columns_a, glass_columns_c, glass_columns_a, glass_columns_a,
          glass_columns_c, st_stairs_9, uniq_ijyb

Skill      XL: |  1  2  3  4 |
---------------+-------------+-----
Maces & Flails | 3 4 |  4.9
Axes           | 1 2 |  2.1
Fighting       | |  3.6
Armour         | |  2.4
Dodging        | |  1.1
Invocations    | |  1.7

Action                   |  1- 3 |  4- 6 || total
-------------------------+-------+-------++-------
Melee: Mace              |    93 |    10 ||   103
       Headbutt          |    17 |     1 ||    18
Invok: Depart the Abyss  |     1 |       ||     1
Armor: Leather armour    |    31 |     5 ||    36
Dodge: Dodged            |    59 |     8 ||    67

Table legend: (Time is in decaauts)
 A = Elapsed time spent in this place.
 B = Non-inter-level travel time spent in this place.
 C = Inter-level travel time spent in this place.
 D = Time resting spent in this place.
 E = Time spent auto-exploring this place.
 F = Levels seen in this place.
 G = Mean time per level.
                   A        B        C        D        E       F      G
               +--------+--------+--------+--------+--------+-----+--------+
         Total |   2654 |   2602 |     52 |    287 |   2020 |   4 |  663.5 |
       Dungeon |   2543 |   2491 |     52 |    287 |   1917 |   3 |  847.7 |
         Abyss |    111 |    111 |      0 |      0 |    103 |   1 |  111.0 |
               +--------+--------+--------+--------+--------+-----+--------+

Top non-repeatable levels by time:
     D:1: 1296 daAuts
     D:2: 992 daAuts
     D:3: 253 daAuts
 Abyss:1: 111 daAuts
